 Dungeon Sprint DCSS version 0.30-a0-840-ga523dec638 (webtiles) character file.

Game seed: 8195900516210158922

138 rocky1 the Blocker (level 7, 0/63 HPs)
             Began as a Formicid Fighter on Mar 1, 2023.
             Was a Believer of Okawaru.
             Slain by a scorpion (2 damage)
             ... in the Dungeon (Sprint VI: "Thunderdome").
             The game lasted 00:04:32 (476 turns).

rocky1 the Blocker (Formicid Fighter)                Turns: 476, Time: 00:04:33

Health: 0/63       AC:  8    Str: 23    XL:     7   Next: 14%
Magic:  9/9        EV: 11    Int:  7    God:    Okawaru [**....]
Gold:   265        SH:  0    Dex: 19    Spells: 6/6 levels left

rFire   . . .      SeeInvis +    n - +0 scythe (protect)
rCold   + + +      Faith    .    c - +0 buckler
rNeg    . . .      Spirit   .    b - +0 scale mail
rPois   +          Reflect  .    (helmet unavailable)
rElec   .          Harm     .    (no cloak)
rCorr   .          Rampage  .    (no gloves)
Will    .....                    (no boots)
Stlth   +                        (no amulet)
HPRegen 0.30/turn                o - ring of Woiskig {rPois rC+++ Dex+6 Stlth+}
MPRegen 0.11/turn                (no ring)

@: confused, mighty, lethally poisoned (0 -> -9)
A: permanent stasis, dig shafts and tunnels, antennae 3, four strong arms
a: Dig, Renounce Religion, Heroism


You were in the Dungeon.
You worshipped Okawaru.
Okawaru was pleased with you.
You visited 1 branch You collected 400 gold pieces.
You spent 135 gold pieces at shops.

Inventory:

Hand Weapons
 a - a +0 trident
 n - a +0 scythe of protection (weapon)
Armour
 b - a +0 scale mail (worn)
 c - a +0 buckler (worn)
Jewellery
 o - the ring of Woiskig (left hand) {rPois rC+++ Dex+6 Stlth+}
   (You bought it in a shop in the Dungeon)

   [ring of dexterity]

   Dex:       It affects your dexterity (+6).
   rC:        It renders you almost immune to cold.
   rPois:     It protects you from poison.
   Stlth:     It makes you more stealthy.
 p - the ring "Komnar" {+Blink Dex+6}
   (You bought it in a shop in the Dungeon)

   [ring of dexterity]

   Dex:       It affects your dexterity (+6).
   +Blink:    It lets you blink.
 q - the amulet "Goamoyny" {Reflect Harm rC- Will+ Str+3 SH+5}
   (You bought it in a shop in the Dungeon)

   [amulet of reflection]

   It reflects blocked missile attacks.
   Str:       It affects your strength (+3).
   rC:        It makes you vulnerable to cold.
   SH:        It affects your SH (+5).
   Harm:      It increases damage dealt and taken.
   Will:      It increases your willpower.
Wands
 j - a wand of acid (3)
 k - a wand of iceblast (1)
Scrolls
 h - 4 scrolls of blinking
 m - 3 scrolls of fog
Potions
 f - 2 potions of heal wounds
 g - 2 potions of magic
 i - a potion of resistance
 l - 3 potions of haste {unknown}


   Skills:
 * Level 8.4 Fighting
 * Level 7.2 Polearms
 * Level 8.4 Armour
 * Level 1.9 Dodging
 - Level 1.0 Stealth
 * Level 8.7 Shields
 * Level 3.3 Invocations
 + Level 2.1 Evocations


You had 6 spell levels left.
You didn't know any spells.
Your spell library was empty.

Dungeon Overview and Level Annotations

Branches:
Dungeon (1/1)

Altars:
Cheibriados
Dithmenos
Fedhas
Gozag
Kikubaaqudgha
Makhleb
Okawaru
Qazlal
Ru
Sif Muna
Trog
Uskayaw
Vehumet
Wu Jian
Xom
Yredelemnul
Zin
The Shining One
Lugonu

Shops:
D *[??*?*:[((!!!!


Innate Abilities, Weirdness & Mutations

You cannot be hasted, slowed, berserked, paralysed or teleported.
You can dig through walls and to a lower floor.
You have a pair of large antennae on your head. (SInv)
Your four strong arms can wield two-handed weapons with a shield.


Message History

The tarantella is heavily wounded.
The tarantella touches you!
* * * LOW HITPOINT WARNING * * *
A scorpion comes into view.
The tarantella touches you!
* * * LOW HITPOINT WARNING * * *
You feel much better. The tarantella touches you!
* * * LOW HITPOINT WARNING * * *
You feel much better. The tarantella barely misses you. x2
You feel very mighty all of a sudden. The tarantella touches you!
You are confused.
The scorpion closely misses you.
You are too confused!
You miss the tarantella.
The tarantella is heavily wounded.
The tarantella barely misses you.
The tarantella touches you but does no damage.
The scorpion completely misses you.
You barely miss the tarantella.
The tarantella is heavily wounded.
The tarantella touches you.
You are more confused.
The scorpion stings you but does no damage.
The tarantella closely misses you.
You're too confused to move!
The scorpion stings you.
You are poisoned.
The scorpion poisons you! The tarantella touches you!
* * * LOW HITPOINT WARNING * * *
The scorpion stings you but does no damage.
The tarantella touches you.
* * * LOW HITPOINT WARNING * * *
You barely miss the tarantella.
The tarantella is heavily wounded.
* * * LOW HITPOINT WARNING * * *
You feel very sick.
A boulder beetle comes into view.
The tarantella touches you but does no damage.
The scorpion stings you.
You die...

#_......._# #_......._#
#_........# ###.....B...###
#⌠...........⌠#
######.8.........8.######
##.___......###......_._∩##
###∩........8.# #.8........∩#
##.........ss@s###............
#⌠..........###...###.........
#⌠..........# #.<.# #.........
#⌠..........###...###.........
##.............###...[........
###∩........8.# #.8........∩#
##∩_........###......___∩##
######.8.........8.######
#⌠.÷.......).⌠#


You could see a boulder beetle (wandering), a tarantella and 2 scorpions.

Vanquished Creatures
  Sigmund (D)
  6 vampire bats (D)
  4 worms (D)
  A ball python (D)
  An endoplasm (D)
  3 giant cockroaches (D)
  A goblin (D)
17 creatures vanquished.

Notes
Turn   | Place    | Note
-------+----------+-------------------------------------------
     0 | D        | rocky1 the Formicid Fighter began the quest for the Orb.
     0 | D        | Reached XP level 1. HP: 18/18 MP: 1/1
     3 | D        | Found a blossoming altar of Fedhas.
     3 | D        | Found a bloodstained altar of Trog.
     4 | D        | Found a burning altar of Makhleb.
     4 | D        | Found a stormy altar of Qazlal.
     5 | D        | Found a shadowy altar of Dithmenos.
     5 | D        | Found a hide-covered altar of Uskayaw.
     5 | D        | Round 1.
     6 | D        | Found Syala's Identification Station.
     7 | D        | Found Zuwnofyi's Jewellery.
     7 | D        | Found Tuxisedu's Advanced Armour.
    12 | D        | Found an ancient bone altar of Kikubaaqudgha.
    13 | D        | Found a sacrificial altar of Ru.
    14 | D        | Found a shimmering altar of Xom.
    15 | D        | Found a snail-covered altar of Cheibriados.
    15 | D        | Found a shimmering blue altar of Sif Muna.
    15 | D        | Found a corrupted altar of Lugonu.
    15 | D        | Found Keitreoz's Premium Goods.
    15 | D        | Found Roklav's Weapon Rack.
    16 | D        | Found Tius's Miscellaneous Merchandise.
    16 | D        | Found Plog's Basic Armour.
    19 | D        | Found a glowing golden altar of the Shining One.
    21 | D        | Found a basalt altar of Yredelemnul.
    22 | D        | Found Koifos's Do-It-Yourself Clinic.
    23 | D        | Found Afrerch's Bottled Wisdom.
    23 | D        | Found Hupyg's Distillery.
    23 | D        | Found an opulent altar of Gozag.
    23 | D        | Found an ornate altar of the Wu Jian Council.
    23 | D        | Found Zedugo's Distillery.
    28 | D        | Found an iron altar of Okawaru.
    29 | D        | Found a radiant altar of Vehumet.
    30 | D        | Found Cuijiw's Staff Store.
    31 | D        | Found a glowing silver altar of Zin.
    31 | D        | Found Egox's Magic Scroll Shop.
    31 | D        | Found Gasod's Must-Have Magic.
    31 | D        | Found Akinkoa's Magic Scroll Shop.
    37 | D        | Became a worshipper of Warmaster Okawaru
    48 | D        | Reached XP level 2. HP: 7/26 MP: 2/2
    88 | D        | Arena points: 12 (+12) [x2]
    89 | D        | Reached skill level 5 in Shields
   114 | D        | Round 2.
   210 | D        | Reached XP level 3. HP: 32/32 MP: 3/3
   233 | D        | Noticed Sigmund
   238 | D        | Killed Sigmund
   238 | D        | Reached * piety under Okawaru
   238 | D        | Arena points: 54 (+42) [x3]
   239 | D        | Reached skill level 5 in Polearms
   239 | D        | Reached skill level 1 in Evocations
   239 | D        | Reached XP level 4. HP: 43/43 MP: 4/4
   239 | D        | Reached XP level 5. HP: 48/48 MP: 5/5
   290 | D        | Bought a scorched amber ring for 45 gold pieces
   290 | D        | Identified the ring of Woiskig {rPois rC+++ Dex+6 Stlth+}
                  | (You bought it in a shop in the Dungeon)
   290 | D        | Bought a pitted marble ring for 45 gold pieces
   290 | D        | Identified the ring "Komnar" {+Blink Dex+6} (You bought it
                  | in a shop in the Dungeon)
   290 | D        | Bought an ancient steel amulet for 45 gold pieces
   290 | D        | Identified the amulet "Goamoyny" {Reflect Harm rC- Will+
                  | Str+3 SH+5} (You bought it in a shop in the Dungeon)
   292 | D        | Round 3.
   299 | D        | Reached ** piety under Okawaru
   300 | D        | Reached skill level 1 in Stealth
   300 | D        | Reached skill level 1 in Invocations
   300 | D        | Reached XP level 6. HP: 55/55 MP: 5/7
   364 | D        | Reached skill level 1 in Dodging
   369 | D        | Reached XP level 7. HP: 62/62 MP: 7/9
   384 | D        | Arena points: 138 (+84) [x4]
   447 | D        | Round 4.
   451 | D        | Noticed a tarantella
   476 | D        | HP: 2/63 [poisoned by a scorpion]
   476 | D        | Noticed a boulder beetle
   476 | D        | Slain by a scorpion

Illustrated notes

Levels and vault maps discovered:
D:        arena_sprint

Skill      XL: |  1  2  3  4  5  6 |
---------------+-------------------+-----
Fighting       | 4 7 8 |  8.4
Armour         | 4 7 8 |  8.4
Shields        | 5 7 8 |  8.7
Polearms       | 5 7 |  7.2
Evocations     | 1 2 |  2.1
Stealth        | 1 |  1.0
Invocations    | 1 3 |  3.3
Dodging        | 1 |  1.9

Action                     |  1- 3 |  4- 6 |  7- 9 || total
---------------------------+-------+-------+-------++-------
  Melee: Trident           |    24 |       |       ||    24
         Halberd           |       |    13 |    13 ||    26
  Evoke: Wand              |     5 |       |     1 ||     6
    Use: Potion            |       |       |     4 ||     4
 Armour: Scale mail        |     3 |    11 |     9 ||    23
  Dodge: Dodged            |     5 |     8 |    13 ||    26
  Block: Buckler           |     3 |     7 |     3 ||    13

Table legend: (Time is in decaauts)
 A = Elapsed time spent in this place.
 B = Non-inter-level travel time spent in this place.
 C = Inter-level travel time spent in this place.
 D = Time resting spent in this place.
 E = Time spent auto-exploring this place.
 F = Levels seen in this place.
 G = Mean time per level.
                   A        B        C        D        E       F      G
               +--------+--------+--------+--------+--------+-----+--------+
         Total |    484 |    484 |      0 |    161 |     46 |   1 |  484.0 |
       Dungeon |    484 |    484 |      0 |    161 |     46 |   1 |  484.0 |
               +--------+--------+--------+--------+--------+-----+--------+

Top non-repeatable levels by time:
       D: 484 daAuts
